 Dungeon Crawl Stone Soup version 0.27-a0-1200-g94dc6ad4cf (webtiles) character file.

Game seed: 15180870696565578419

25566 2tc the Cruncher (level 12, -6/62 HPs)
             Began as a Deep Elf Ice Elementalist on May 30, 2021.
             Was a Follower of Sif Muna.
             Killed from afar by a lindwurm (21 damage)
             ... with a blast of flame
             ... on level 3 of the Lair of Beasts.
             The game lasted 01:35:41 (22556 turns).

2tc the Cruncher (Deep Elf Ice Elementalist)       Turns: 22556, Time: 01:35:42

Health: -6/62      AC: 10    Str:  7    XL:     12   Next: 90%
Magic:  17/21      EV: 29    Int: 22    God:    Sif Muna [*.....]
Gold:   591        SH:  0    Dex: 15    Spells: 2/21 levels left

rFire    . . .     SeeInvis .   D - +2 lajatang (flame)
rCold    + . .     Faith    .   (shield currently unavailable)
rNeg     . . .     Spirit   .   s - +0 steam dragon scales
rPois    .         Reflect  .   n - +0 helmet
rElec    .         Harm     .   k - +0 cloak
rCorr    .         Rampage  .   h - +0 pair of gloves
Will     +....                  e - +1 pair of boots
Stlth    ++........             d - amulet of the acrobat
HPRegen  0.20/turn              y - ring of protection from fire
MPRegen  0.17/turn              j - ring of ice

@: acrobatic, hasted, very quick
A: weak 1
a: Renounce Religion, Channel Magic


You were on level 3 of the Lair of Beasts.
You worshipped Sif Muna.
Sif Muna was aware of your devotion.
You visited 3 branches of the dungeon, and saw 14 of its levels.
You also visited: Ossuary.

You collected 1020 gold pieces.
You spent 429 gold pieces at shops.

Inventory:

Hand Weapons
 c - a +1 vorpal spear
 D - a +2 lajatang of flaming (weapon)
Missiles
 v - 4 throwing nets
Armour
 e - a +1 pair of boots (worn)
 h - a +0 pair of gloves (worn)
 k - a +0 cloak (worn)
 n - a +0 helmet (worn)
 s - +0 steam dragon scales (worn)
 G - a +0 buckler
Jewellery
 b - a ring of fire
 d - an amulet of the acrobat (around neck)
 j - a ring of ice (right hand)
 y - a ring of protection from fire (left hand)
Wands
 a - a wand of paralysis (9)
 o - a wand of polymorph (16)
 r - a wand of acid (5)
 t - a wand of flame (19)
 x - a wand of digging (2)
Scrolls
 g - 7 scrolls of teleportation
 i - 3 scrolls of brand weapon
 l - a scroll of fog
 q - a scroll of identify
 z - 2 scrolls of noise
 B - a scroll of enchant armour
 E - 2 scrolls of magic mapping
 F - a scroll of enchant weapon
Potions
 f - a potion of magic
 m - a potion of attraction
 p - a potion of curing
 w - a potion of ambrosia
 C - a potion of haste
 H - a potion of brilliance


   Skills:
 + Level 2.1 Fighting
 - Level 0.1(7.0) Polearms
 - Level 13.9(14.0) Staves
 - Level 5.0 Dodging
 - Level 2.4 Stealth
 - Level 5.0 Spellcasting
 - Level 8.0 Conjurations
 - Level 12.0 Ice Magic
 - Level 10.1 Earth Magic


You had 2 spell levels left.
You knew the following spells:

 Your Spells              Type           Power      Damage    Failure   Level
a - Freeze                Ice            100%       1d11      1%          1
b - Frozen Ramparts       Ice            100%       1d12      1%          3
c - Ozocubu's Armour      Ice            72%        N/A       1%          3
d - Hailstorm             Conj/Ice       65%        3d14      1%          4
e - Stone Arrow           Conj/Erth      90%        3d12      1%          3
f - Lee's Rapid Deconstr  Erth           25%        3d15*     4%          5

Your spell library contained the following spells:

 Spells                   Type           Power      Damage    Failure   Level
 Magic Dart               Conj           100%       1d8       1%          1
 Sandblast                Erth           100%       2d20      1%          1
 Passwall                 Tmut/Erth      22%        N/A       1%          2
 Beastly Appendage        Tmut           10%        N/A       10%         1
 Sting                    Tmut/Pois      20%        1d4       10%         1
 Blink                    Tloc           N/A        N/A       16%         2
 Call Imp                 Summ           5%         N/A       16%         2
 Corpse Rot               Necr/Air       N/A        N/A       16%         2
 Poisonous Vapours        Pois/Air       10%        N/A       16%         2
 Slow                     Hex            5%         N/A       16%         2
 Wereblood                Tmut           5%         N/A       16%         2
 Conjure Flame            Conj/Fire      23%        6-21      6%          3
 Ice Form                 Ice/Tmut       47%        N/A       9%          4
 Mephitic Cloud           Conj/Pois/Air  17%        N/A       11%         3
 Petrify                  Tmut/Erth      27%        N/A       13%         4
 Metabolic Englaciation   Hex/Ice        23%        N/A       24%         5
 Confusing Touch          Hex            5%         N/A       30%         3
 Gell's Gravitas          Tloc           2%         N/A       30%         3
 Ignite Poison            Fire/Tmut/Pois 5%         N/A       30%         3
 Spider Form              Tmut/Pois      2%         N/A       30%         3
 Irradiate                Conj/Tmut      11%        3d17      47%         5
 Olgreb's Toxic Radiance  Pois           5%         N/A       69%         4
 Statue Form              Tmut/Erth      18%        N/A       89%         6
 Hydra Form               Tmut           2%         N/A       95%         5
 Summon Forest            Summ/Tloc      2%         N/A       95%         5
 Yara's Violent Unravell  Hex/Tmut       2%         3d3       95%         5
 Blade Hands              Tmut           2%         N/A       100%        6
 Eringya's Noxious Bog    Tmut/Pois      2%         N/A       100%        6
 Dragon Form              Tmut           2%         N/A       100%        7
 Summon Hydra             Summ           2%         N/A       100%        7


Dungeon Overview and Level Annotations

Branches:
Dungeon (10/15)            Temple (1/1) D:6            Lair (3/6) D:10
  Snake (0/4) Lair:2          Orc (0/2) D:9         Ossuary (visited)
  Swamp: Lair:2-4    Shoals: Lair:2-4

Altars:
Ashenzari
Cheibriados
Dithmenos
Elyvilon
Fedhas
Gozag
Hepliaklqana
Kikubaaqudgha
Makhleb
Nemelex Xobeh
Okawaru
Qazlal
Ru
Sif Muna
Trog
Uskayaw
Vehumet
Wu Jian
Xom
Yredelemnul
Zin
The Shining One
Beogh

Shops:
D:4 !   D:5 (   D:9 [

Annotations:
D:3 exclusion: door
D:5 2 transporters, Froggeryz's ghost, novice GrDe


Innate Abilities, Weirdness & Mutations

You are weak. (Str -2)


Message History

The flame cauterises the wound!
You slash the five-headed hydra! You burn the five-headed hydra.
The five-headed hydra is heavily wounded.
The wall freezes the lindwurm.
You chop one of the five-headed hydra's heads off!
The flame cauterises the wound!
You hit the four-headed hydra. You burn the four-headed hydra.
The four-headed hydra is heavily wounded.
The four-headed hydra closely misses you. x2
The four-headed hydra bites you.
The four-headed hydra completely misses you.
You barely miss the four-headed hydra.
The four-headed hydra is heavily wounded.
The wall freezes the lindwurm.
The lindwurm bites you.
The lindwurm claws you but does no damage.
The lindwurm barely misses you.
Unknown command.
You completely miss the four-headed hydra.
The four-headed hydra is heavily wounded.
The wall freezes the lindwurm!
The lindwurm breathes flames at you. The blast of flame hits you!!
The four-headed hydra bites you but does no damage.
The four-headed hydra closely misses you.
The four-headed hydra bites you but does no damage.
The four-headed hydra bites you!
* * * LOW HITPOINT WARNING * * *
The heat melts your icy armour.
Okay, then.
Unknown command.
Your icy armour and frozen ramparts will break if you move.
Continue?
Your icy armour cracks and falls away as you move.
The frozen ramparts melt away as you move.
You feel yourself speed up. The lindwurm closely misses you.
The lindwurm claws you but does no damage.
The lindwurm claws you.
* * * LOW HITPOINT WARNING * * *
The lindwurm breathes flames at you. The blast of flame hits you!!
You die...

....##..........#.......###...###
....#....##.....##........#....##
.........##......#.........♣...#.
..........#.#..###..P..P......#.#
##..##...##...###..♣......P...♣♣#
#.###............♣......P....P.♣.
................♣.....P.P.......P
....!...........♣........P.P.....
................@.....P.....P....
..................P...#####....P.
.........P......P.k..P#!..#....P.
..###.................#.(i'...P..
#.###....##......P....#)..#......
...##....##.........D.#####...P..
...+.....##.<..........)........♣
................P................
#..#............♣♣...............


You could see a four-headed hydra (slow) and a lindwurm (catching breath).

Vanquished Creatures
  Harold (D:7)
  6 hydras
  Erica (D:8)
  2 two-headed ogres
  A catoblepas (Lair:3)
  Nergalle (Lair:3)
  A cyclops (D:10)
  5 black mambas
  A molten gargoyle (Lair:2)
  5 cane toads
  An unseen horror (shapeshifter) (D:8)
  4 komodo dragons
  2 trolls (D:10)
  8 blink frogs (Lair:1)
  A spriggan (Lair:3)
  A vampire (D:10)
  A wyvern (D:9)
  5 fire bats (Lair:2)
  5 basilisks
  23 yaks
  A steam dragon (D:7)
  Edmund (D:6)
  10 water moccasins
  4 black bears
  6 orc warriors
  2 sky beasts
  2 ice beasts
  2 necrophages
  An ogre (D:5)
  5 centaurs
  A phantom (D:3)
  2 kobold brigands
  Blork the orc (D:6)
  6 bullfrogs
  4 scorpions
  5 killer bees (D:9)
  3 electric eels (Lair:2)
  2 centaur zombies
  5 howler monkeys
  2 centaur skeletons
  5 hounds
  3 jellies
  6 orc priests
  A gnoll shaman (D:5)
  A bullfrog skeleton (D:6)
  3 iguanas
  Terence (D:2)
  4 orc wizards
  2 mummies
  A howler monkey zombie (D:8)
  5 gnolls
  2 adders (D:2)
  3 shadow imps
  3 ufetubi
  A worm (D:4)
  3 dart slugs
  25 orcs
  6 ball pythons
  5 bat simulacra (Ossuary)
  3 endoplasms
  6 giant cockroaches
  2 hobgoblins
  11 jackals
  4 quokkas
  A bat (D:3)
  5 frilled lizards
  12 gnoll zombies (Ossuary)
  8 goblins
  2 goblin simulacra (Ossuary)
  2 goblin zombies (Ossuary)
  7 hobgoblin zombies (Ossuary)
  14 kobolds
  4 kobold simulacra (Ossuary)
  6 kobold zombies
  5 orc zombies (Ossuary)
  4 rats
  3 rat simulacra (Ossuary)
  3 spectral goblins (Ossuary)
  4 spectral kobolds
  5 spectral rats (Ossuary)
331 creatures vanquished.

Vanquished Creatures (others)
  21 fungi
  72 plants
93 creatures vanquished.

Grand Total: 424 creatures vanquished

Notes
Turn   | Place    | Note
-------+----------+-------------------------------------------
     0 | D:1      | 2tc the Deep Elf Ice Elementalist began the quest for the
                  | Orb.
     0 | D:1      | Reached XP level 1. HP: 10/10 MP: 6/6
   600 | D:1      | Reached XP level 2. HP: 11/15 MP: 5/8
   713 | D:1      | Reached skill level 5 in Ice Magic
  1224 | D:2      | Reached XP level 3. HP: 9/19 MP: 5/9
  1674 | D:2      | Learned a level 3 spell: Frozen Ramparts
  2043 | D:2      | Noticed Terence
  2050 | D:2      | Killed Terence
  2051 | D:2      | Reached XP level 4. HP: 24/24 MP: 4/10
  2168 | D:2      | Learned a level 3 spell: Ozocubu's Armour
  3022 | D:3      | Found a faded altar of an unknown god.
  3410 | D:4      | Reached XP level 5. HP: 24/28 MP: 7/11
  3473 | D:4      | Found Oskud's Distillery.
  3498 | D:4      | Noticed a phantom
  3737 | D:3      | Killed a phantom
  4070 | D:4      | Reached XP level 6. HP: 19/32 MP: 9/13
  4100 | D:4      | Learned a level 4 spell: Hailstorm
  4943 | D:5      | Entered Level 5 of the Dungeon
  4980 | D:5      | Found an ancient bone altar of Kikubaaqudgha.
  4981 | D:5      | Noticed a water moccasin
  4989 | D:5      | Killed a water moccasin
  4990 | D:5      | Reached skill level 5 in Conjurations
  5359 | D:5      | Found a transporter.
  5568 | D:5      | Found a transporter.
  5585 | D:5      | Noticed Froggeryz's ghost (novice GrDe)
  5626 | D:5      | Reached skill level 1 in Earth Magic
  5626 | D:5      | Reached XP level 7. HP: 25/36 MP: 4/14
  5944 | D:5      | Found a sacrificial altar of Ru.
  6007 | D:5      | Found a stormy altar of Qazlal.
  6009 | D:5      | Noticed an air elemental
  6030 | D:5      | Found Arixeoc's Hydra Hut.
  6031 | D:5      | Noticed a five-headed hydra
  6470 | D:5      | Noticed a water elemental
  6470 | D:5      | Noticed a fire elemental
  6985 | D:6      | Gained mutation: You are weak. (Str -2) [potion of
                  | mutation]
  6989 | D:6      | Reached skill level 5 in Earth Magic
  7150 | D:6      | Noticed Blork the orc
  7165 | D:6      | Killed Blork the orc
  7166 | D:6      | Reached XP level 8. HP: 38/41 MP: 6/16
  7177 | D:6      | Learned a level 3 spell: Stone Arrow
  8231 | D:6      | Found a staircase to the Ecumenical Temple.
  8233 | D:6      | Noticed Edmund
  8248 | D:6      | Killed Edmund
  8256 | Temple   | Entered the Ecumenical Temple
  8617 | D:6      | Identified the Tome of Unstable Moulding
  8899 | D:6      | Reached skill level 1 in Fighting
  8899 | D:6      | Reached XP level 9. HP: 45/47 MP: 11/17
  9272 | D:6      | Found a shadowy altar of Dithmenos.
 10515 | D:7      | Noticed Harold
 10530 | D:7      | Killed Harold
 10531 | D:7      | Reached skill level 10 in Ice Magic
 10531 | D:7      | Reached skill level 10 in Earth Magic
 11235 | D:8      | Noticed Erica
 11247 | D:8      | Killed Erica
 11248 | D:8      | Reached skill level 5 in Dodging
 11248 | D:8      | Reached XP level 10. HP: 53/53 MP: 0/18
 11549 | D:8      | Found a sand-covered staircase.
 11555 | Ossuary  | Entered an ossuary
 12305 | D:5      | Bought a +2 lajatang of flaming for 429 gold pieces
 12581 | D:8      | Noticed a harpy
 12583 | D:8      | a harpy changed into something unseen
 13346 | D:9      | Reached skill level 1 in Staves
 13431 | D:9      | Found Ahuffit's Armour Shoppe.
 13433 | D:9      | Found a staircase to the Orcish Mines.
 13480 | D:9      | Reached skill level 2 in Staves
 13582 | D:9      | Noticed a two-headed ogre
 13755 | D:9      | Reached skill level 3 in Staves
 13818 | D:9      | Killed a two-headed ogre
 13819 | D:9      | Reached skill level 4 in Staves
 13995 | D:9      | Reached skill level 5 in Staves
 14027 | D:9      | Found a burning altar of Makhleb.
 14213 | D:9      | Found a hazy altar of Hepliaklqana.
 14504 | D:10     | Entered Level 10 of the Dungeon
 14525 | D:10     | Found a basalt altar of Yredelemnul.
 14562 | D:10     | Noticed a cyclops
 14599 | D:10     | Found a shimmering blue altar of Sif Muna.
 14639 | D:10     | Reached skill level 5 in Spellcasting
 14644 | D:10     | Reached skill level 6 in Staves
 14678 | D:10     | Learned a level 5 spell: Lee's Rapid Deconstruction
 14759 | D:10     | Noticed a two-headed ogre
 14763 | D:10     | Killed a two-headed ogre
 14764 | D:10     | Reached skill level 7 in Staves
 14764 | D:10     | Reached XP level 11. HP: 57/57 MP: 3/20
 15151 | D:10     | Reached skill level 8 in Staves
 15317 | D:10     | Found a white marble altar of Elyvilon.
 15380 | D:10     | Found an opulent altar of Gozag.
 15430 | D:10     | Identified the +1 ring mail of the Serpent {rN+ Str+5}
 15536 | D:10     | Became a worshipper of Sif Muna the Loreminder
 16040 | D:10     | Found a staircase to the Lair.
 16088 | Lair:1   | Entered Level 1 of the Lair of Beasts
 16209 | Lair:1   | Noticed an eight-headed hydra
 16262 | Lair:1   | Killed a six-headed hydra
 16263 | Lair:1   | Reached skill level 9 in Staves
 17129 | Lair:1   | Noticed a seven-headed hydra
 17141 | Lair:1   | Killed a six-headed hydra
 17142 | Lair:1   | Reached skill level 10 in Staves
 17483 | Lair:1   | Reached skill level 11 in Staves
 18183 | Lair:2   | Reached skill level 12 in Staves
 18351 | Lair:2   | Reached XP level 12. HP: 62/62 MP: 11/21
 18419 | Lair:2   | Noticed a five-headed hydra
 18425 | Lair:2   | Killed a five-headed hydra
 18425 | Lair:2   | Reached * piety under Sif Muna
 18918 | Lair:2   | Noticed a five-headed hydra
 19116 | Lair:2   | Reached skill level 13 in Staves
 19251 | Lair:2   | Killed a four-headed hydra
 19396 | Lair:2   | Found a staircase to the Snake Pit.
 19557 | Lair:2   | Noticed an eight-headed hydra
 19585 | Lair:2   | Killed a five-headed hydra
 20292 | Lair:2   | Noticed an eight-headed hydra
 21038 | Lair:2   | Killed an eight-headed hydra
 21229 | Lair:3   | Noticed Nergalle
 21241 | Lair:3   | Killed Nergalle
 21416 | Lair:3   | Identified the +9 trident of Death {pain, rN+++}
 21439 | Lair:3   | HP: 3/62 [poisoned by a cane toad]
 22111 | Lair:3   | Noticed a catoblepas
 22206 | Lair:3   | Killed a catoblepas
 22402 | Lair:3   | Identified the +9 trident of the Ghost {flame, rC+ Stlth+}
 22532 | Lair:3   | Noticed a seven-headed hydra
 22556 | Lair:3   | Killed from afar by a lindwurm

Illustrated notes

Levels and vault maps discovered:
D:1:      evilmike_arrival_hilbert_curve, layout_basic,
          wad_floor_pattern_untrapped
D:2:      layout_loops_cross, uniq_terence
D:3:      layout_loops_ring, hellmonk_ecumenical_altar_run_dry,
          kennysheep_orc_chapel
D:4:      layout_loops_ring, serial_shops, shop, portal_sewer_entry_f
D:5:      layout_basic, hangedman_ru_absence, nicolae_overflow_crystal_walls,
          nicolae_qazlal_style_of_elements, gammafunk_ghost_hive,
          doesnt_shop_hydraphobe
D:6:      layout_cave_pools, grunt_dithmenos_shadows,
          minmay_temple_entry_statues, kennysheep_diamond,
          minmay_misc_feat_columns, minmay_checkerbox, uniq_edmund,
          uniq_blork_the_orc
D:7:      layout_loops_corners, uniq_harold
D:8:      layout_loops_ring, nicolae_ossuary_entry_giza,
          amcnicky_mini_pool_small, uniq_erica
D:9:      layout_basic, overflow_temple_1_default,
          nicolae_hepliaklqana_monster_ancestors, orc_david_3
D:10:     layout_roguey, kennysheep_ying_yang, kennysheep_mini,
          lemuel_tele_altar, lair_entry_dummy, lemuel_another_geyser
Temple:   minmay_temple_bridge_abc
Lair:1:   layout_regular_city, serial_bayou_pond_c
Lair:2:   layout_gridlike, minmay_snake_entry_six_corridors,
          serial_bayou_lake_a, infiniplex_staircase_pool_2
Lair:3:   layout_regular_city, grunt_forest_large_clearing_hut,
          grunt_megastairs_4, uniq_nergalle

Skill      XL: |  1  2  3  4  5  6  7  8  9 10 11 12 |
---------------+-------------------------------------+-----
Ice Magic      | 5 6 7 8 10 12 | 12.0
Conjurations   | 3 6 8 |  8.0
Earth Magic    | 1 5 8 10 | 10.1
Spellcasting   | 4 5 |  5.0
Fighting       | 1 2 |  2.1
Dodging        | 5 |  5.0
Staves         | 7 12 13 | 13.9
Polearms       | |  0.1
Stealth        | |  2.4

Action                   |  1- 3 |  4- 6 |  7- 9 | 10-12 || total
-------------------------+-------+-------+-------+-------++-------
Melee: Spear             |    31 |   175 |   100 |   150 ||   456
       Lajatang          |       |       |       |   268 ||   268
 Cast: Freeze            |    31 |    13 |    30 |    11 ||    85
       Frozen Ramparts   |     3 |     9 |    23 |    55 ||    90
       Ozocubu's Armour  |       |    11 |    29 |    56 ||    96
       Hailstorm         |       |     1 |     3 |    11 ||    15
       Stone Arrow       |       |       |    42 |    82 ||   124
       Lee's Rapid Decon |       |       |       |    10 ||    10
Evoke: Wand              |       |       |     2 |    10 ||    12
  Use: Scroll            |     4 |     5 |     5 |    10 ||    24
       Potion            |     1 |     3 |     2 |     8 ||    14
 Stab: Sleeping          |     6 |     5 |     4 |    13 ||    28
Armor: Robe              |     5 |    41 |    67 |       ||   113
       Skin              |       |    24 |       |       ||    24
       Steam dragon scal |       |       |     7 |   161 ||   168
Dodge: Dodged            |    21 |    66 |   144 |   280 ||   511

Table legend: (Time is in decaauts)
 A = Elapsed time spent in this place.
 B = Non-inter-level travel time spent in this place.
 C = Inter-level travel time spent in this place.
 D = Time resting spent in this place.
 E = Time spent auto-exploring this place.
 F = Levels seen in this place.
 G = Mean time per level.
                   A        B        C        D        E       F      G
               +--------+--------+--------+--------+--------+-----+--------+
         Total |  22607 |  21727 |    880 |   8579 |   9556 |  15 | 1507.1 |
       Dungeon |  15246 |  14489 |    757 |   5155 |   6927 |  10 | 1524.6 |
        Temple |    282 |    259 |     23 |      0 |    259 |   1 |  282.0 |
          Lair |   6429 |   6330 |     99 |   3361 |   2031 |   3 | 2143.0 |
       Ossuary |    648 |    648 |      0 |     63 |    338 |   1 |  648.0 |
               +--------+--------+--------+--------+--------+-----+--------+

Top non-repeatable levels by time:
  Lair:2: 3101 daAuts
     D:5: 2317 daAuts
  Lair:1: 2033 daAuts
     D:6: 1965 daAuts
     D:7: 1595 daAuts
    D:10: 1585 daAuts
     D:8: 1581 daAuts
     D:4: 1396 daAuts
     D:2: 1377 daAuts
  Lair:3: 1295 daAuts
     D:1: 1174 daAuts
     D:3: 1168 daAuts
     D:9: 1085 daAuts
 Ossuary: 648 daAuts
  Temple: 282 daAuts
